 Dungeon Sprint DCSS version 0.19.1-1-g22dce08 (webtiles) character file.

10 rgaf the Covered (level 2, -4/20 HPs)
             Began as a Gargoyle Fighter on Jan 19, 2017.
             Engulfed by a cloud of steam (6 damage)
             ... in the Dungeon (Sprint II: "The Violet Keep of Menkaure").
             The game lasted 00:00:32 (74 turns).

rgaf the Covered (Gargoyle Fighter)                   Turns: 74, Time: 00:00:33

Health: -4/20      AC:  9    Str: 19    XL:     2   Next: 20%
Magic:  2/2        EV:  7    Int:  8    God:
Gold:   243        SH:  9    Dex:  9    Spells: 0 memorised, 1 level left

rFire  . . .     SeeInvis .     a - +0 flail
rCold  . . .     Gourm    .     b - +0 scale mail
rNeg   + . .     Faith    .     c - +0 shield
rPois  ∞         Spirit   .     (no helmet)
rElec  +         Reflect  .     (no cloak)
rCorr  .         Harm     .     (no gloves)
MR     .....     NoTele   +     (no boots)
Stlth  ..........               (no amulet)
                                (no ring)
                                (no ring)

@: no status effects
A: negative energy resistance 1, electricity resistance, unbreathing,
petrification resistance, rot immunity, AC +2
a: no special abilities


You were in the Dungeon.
You were not hungry.

You visited 1 branch You collected 243 gold pieces.

Inventory:

Hand Weapons
 a - a +0 flail (weapon)
Armour
 b - a +0 scale mail (worn)
 c - a +0 shield (worn)
Scrolls
 k - a scroll of blinking
Potions
 d - a potion of might
 e - a potion of curing
 g - a potion of heal wounds
 h - a potion of haste
 i - 2 potions of magic
 j - a potion of berserk rage
Comestibles
 f - a bread ration


   Skills:
 + Level 3.7 Fighting
 * Level 3.1 Maces & Flails
 * Level 4.2 Armour
 + Level 1.2 Dodging
 - Level 3.2 Shields


You had one spell level left.
You didn't know any spells.

Dungeon Overview and Level Annotations

Branches:
Dungeon (1/1)

Altars:
Cheibriados
Dithmenos
Elyvilon
Fedhas
Gozag
Kikubaaqudgha
Makhleb
Nemelex Xobeh
Okawaru
Trog
Uskayaw
Vehumet
The Shining One
Lugonu


Innate Abilities, Weirdness & Mutations

You are resistant to torment.
Your stone body is resilient. (AC +2)
You are immune to poison.
You resist negative energy. (rN+)
You are resistant to electric shocks. (rElec)
You can survive without breathing.
You are immune to petrification.
You are immune to rotting.


Message History

Why would you want to do that?
Really walk into that cloud of steam?
Really walk into a travel-excluded area?
Okay, then.
Really walk into a travel-excluded area?
You are engulfed in a cloud of scalding steam.
Found an opulent altar of Gozag and an iron altar of Okawaru.
Found a sparkling altar of Nemelex Xobeh and a blossoming altar of Fedhas.
Really walk into that cloud of steam?
You are engulfed in a cloud of scalding steam.
Ouch! That really hurt!
* * * LOW HITPOINT WARNING * * *
Found three altars.
Found three altars.
Found four altars.
You start resting.
You're standing in a cloud of steam!
You're standing in a cloud of steam!
You are engulfed in a cloud of scalding steam.
You die...

... # .. ##. #+# #..# .#
#$w.##.## #..# .# #+.<.+
+..### .### #.w.##.##
#....###...##▓ ##. ##'##
##...§§.§≈≈≈≈≈≈ #
##.#.####≈≈..@§.≈#+####
#..##.#≈≈≈≈§§§§§≈#_._._
##..###≈≈§≈§§≈≈.≈#._._.
#≈≈##'##≈≈≈§§§§§≈≈≈#_._._
#≈≈≈≈≈≈≈≈≈≈≈≈§≈≈≈≈#._._.
#+++#+++#≈≈≈≈≈≈≈≈§#.._._
.§.§ ##≈§≈###≈≈#..._.
§.§§.. ##≈≈# #§≈#...._
+...§§8§§ +≈≈# #≈§#.....


There were no monsters in sight!

Vanquished Creatures
  3 worms (D)
3 creatures vanquished.

Vanquished Creatures (others)
  A crocodile (D)
1 creature vanquished.

Grand Total: 4 creatures vanquished

Notes
Turn   | Place    | Note
-------+----------+-------------------------------------------
     0 | D        | rgaf the Gargoyle Fighter began the quest for the Orb.
     0 | D        | Reached XP level 1. HP: 14/14 MP: 1/1
     1 | D        | Noticed a tyrant leech
     1 | D        | Noticed a tyrant leech
    17 | D        | Reached skill level 4 in Armour
    17 | D        | Reached skill level 1 in Dodging
    17 | D        | Reached XP level 2. HP: 17/19 MP: 2/2
    27 | D        | Killed a crocodile
    50 | D        | Noticed an ice statue
    61 | D        | Found an opulent altar of Gozag.
    61 | D        | Found an iron altar of Okawaru.
    62 | D        | Found a blossoming altar of Fedhas.
    62 | D        | Found a sparkling altar of Nemelex Xobeh.
    63 | D        | Found a burning altar of Makhleb.
    63 | D        | Found a radiant altar of Vehumet.
    63 | D        | Found a white marble altar of Elyvilon.
    63 | D        | HP: 1/20 [something (19)]
    64 | D        | Found a hide-covered altar of Uskayaw.
    64 | D        | Found a corrupted altar of Lugonu.
    64 | D        | Found a shadowy altar of Dithmenos.
    65 | D        | Found a bloodstained altar of Trog.
    65 | D        | Found a glowing golden altar of the Shining One.
    65 | D        | Found an ancient bone altar of Kikubaaqudgha.
    65 | D        | Found a snail-covered altar of Cheibriados.
    74 | D        | Engulfed by a cloud of steam

Skill      XL: |  1  2 |
---------------+-------+-----
Armour         | 4 |  4.2
Dodging        | 1 |  1.2
Maces & Flails | 3 |  3.1
Fighting       | |  3.7
Shields        | |  3.2

Action                   || total
-------------------------++-------
Melee: Flail             ||    20
Armor: Scale mail        ||     6
Dodge: Dodged            ||     2
Block: Shield            ||     6
